 Dungeon Crawl Stone Soup version 0.28-a0-1524-ge72afd5fc6 (webtiles) character file.

Game seed: 15526427933409567864

281 knot the Chopper (level 6, 68/70 HPs)
             Began as a Demonspawn Berserker on Jan 18, 2022.
             Was a Believer of Trog.
             Quit the game on level 3 of the Dungeon.
             The game lasted 00:03:05 (3063 turns).

knot the Chopper (Demonspawn Berserker)             Turns: 3063, Time: 00:03:05

Health: 68/70      AC:  7    Str: 18    XL:     6   Next: 6%
Magic:  6/6        EV: 11    Int: 10    God:    Trog [**....]
Gold:   101        SH:  0    Dex: 12    Spells: 5/5 levels left

rFire   . . .      SeeInvis .   b - +0 war axe
rCold   . . .      Faith    .   (no shield)
rNeg    . . .      Spirit   .   k - +0 leather armour
rPois   .          Reflect  .   (helmet restricted)
rElec   .          Harm     .   c - +1 cloak
rCorr   .          Rampage  .   (no gloves)
Will    ++...                   (no boots)
Stlth   ..........              l - amulet of regeneration
HPRegen 2.01/turn               (no ring)
MPRegen 0.10/turn               (no ring)

@: berserking (expiring), strong-willed (expiring), regenerating (expiring),
very quick
A: antennae 2, molten scales 1
a: Renounce Religion, Berserk, Trog's Hand


You were on level 3 of the Dungeon.
You worshipped Trog.
Trog was pleased with you.
You visited 1 branch of the dungeon, and saw 3 of its levels.

You collected 101 gold pieces.

Inventory:

Hand Weapons
 b - a +0 war axe (weapon)
Missiles
 f - 49 stones (quivered)
Armour
 c - a +1 cloak (worn)
 k - a +0 leather armour (worn)
Jewellery
 l - an amulet of regeneration (around neck)
Scrolls
 a - a scroll of acquirement {unknown}
 e - 2 scrolls of identify {unknown}
 m - 2 scrolls of teleportation {unknown}
 n - a scroll of enchant weapon {unknown}
Potions
 d - 2 potions of ambrosia {unknown}
 g - a potion of flight {unknown}
 h - a potion of attraction {unknown}
 i - a potion of heal wounds {unknown}
 j - a potion of might {unknown}


   Skills:
 - Level 3.0 Fighting
 * Level 6.1 Axes
 * Level 0.6 Throwing
 - Level 1.7 Armour
 - Level 1.7 Dodging


You had 5 spell levels left.
You didn't know any spells.
Your spell library contained the following spells:

 Spells                   Type           Power      Damage    Failure   Level
 Apportation              Tloc           0%         N/A       41%         1


Dungeon Overview and Level Annotations

Branches:
Dungeon (3/15)

Altars:

Shops:
D:2 ?


Innate Abilities, Weirdness & Mutations

You have a pair of antennae on your head.
You are partially covered in molten scales. (AC +2)


Message History

The orc priest is heavily wounded.
You hit the orc.
A giant cockroach comes into view.
The orc misses you.
You slash the orc!
You kill the orc!
Trog accepts your kill.
You barely miss the orc priest.
The orc priest hits you but does no damage.
You hit the orc priest but do no damage.
The orc priest is heavily wounded.
You closely miss the orc. The orc priest barely misses you.
You barely miss the orc priest.
The orc priest is heavily wounded.
You barely miss the orc. x2
The orc priest hits you but does no damage.
The orc hits you with a +0 hand axe.
You slash the orc priest!
You kill the orc priest!
Trog accepts your kill.
You barely miss the orc. x2; The orc hits you with a +0 short sword.
You have reached level 6!
Your demonic ancestry asserts itself...
Molten scales grow over part of your body.
You closely miss the orc. You slash the orc!
You kill the orc!
Trog accepts your kill. The orc hits you with a +0 hand axe.
You barely miss the orc. The orc hits you with a +0 hand axe.
You slash the orc!
You kill the orc!
Trog accepts your kill.
You barely miss the giant cockroach.
You feel the effects of Trog's Hand fading.
The giant cockroach misses you.
You slash the giant cockroach!
You kill the giant cockroach!
Trog accepts your kill.
No target in view!
Are you sure you want to abandon this character and quit the game? (Confirm with "yes".)

#...# ## #.
#...# ..# #.>
#.⌠.# <.#
#...#...#...#
#.#.#...#.#.###
###
...............
###.#
#...#.8)#...#.<
....#
......)@)......
....#
#.#.#...#.#.###
....# #...# .$
....##### #.⌠.#
.# ........#
#...# #
#.####### #...#
.†.# ######...#
...# #.#......#
...# #[#.....##


There were no monsters in sight!

Vanquished Creatures
  A water moccasin (D:3)
  An orc priest (D:3)
  Jessica (D:2)
  Robin (D:2)
  3 adders
  A worm (D:2)
  3 orcs (D:3)
  6 endoplasms
  3 giant cockroaches
  9 goblins
  10 hobgoblins
  5 jackals
  5 kobolds
  5 quokkas
  6 ball pythons
  3 bats
  2 frilled lizards
  6 rats
71 creatures vanquished.

Notes
Turn   | Place    | Note
-------+----------+-------------------------------------------
     0 | D:1      | knot the Demonspawn Berserker began the quest for the Orb.
     0 | D:1      | Reached XP level 1. HP: 18/18 MP: 1/1
    78 | D:1      | Reached skill level 3 in Axes
   231 | D:1      | Gained mutation: You have a pair of small antennae on your
                  | head. [demonic ancestry]
   231 | D:1      | Reached XP level 2. HP: 6/24 MP: 2/2
   451 | D:1      | Found a faded altar of an unknown god.
   459 | D:1      | Got Plato's Tome of Dislocation
  1014 | D:2      | Reached ** piety under Trog
  1015 | D:2      | Reached XP level 3. HP: 27/29 MP: 3/3
  1331 | D:2      | Reached skill level 4 in Axes
  1572 | D:2      | Noticed Robin
  1586 | D:2      | Killed Robin
  1587 | D:2      | Reached XP level 4. HP: 27/35 MP: 4/4
  1948 | D:2      | Found Plog's Magic Scroll Shop.
  2258 | D:2      | Noticed Jessica
  2264 | D:2      | Killed Jessica
  2265 | D:2      | Reached skill level 5 in Axes
  2553 | D:3      | Noticed a water moccasin
  2563 | D:3      | Killed a water moccasin
  2564 | D:3      | Gained mutation: You have a pair of antennae on your head.
                  | [demonic ancestry]
  2564 | D:3      | Reached XP level 5. HP: 37/41 MP: 5/5
  2745 | D:3      | Reached skill level 6 in Axes
  3059 | D:3      | Gained mutation: You are partially covered in molten
                  | scales. (AC +2) [demonic ancestry]
  3059 | D:3      | Reached XP level 6. HP: 47/47 MP: 6/6
  3063 | D:3      | Quit the game

Illustrated notes

Levels and vault maps discovered:
D:1:      co_arrival_square_in_a_square_in_a_square, layout_rooms,
          shapermc_ecumenical_altar_rom_forum, grunt_decor_resistance,
          st_stairs_10, grunt_decor_cap, lemuel_another_geyser
D:2:      layout_loops_ring, serial_shops, nicolae_diamond_shop, uniq_robin,
          uniq_jessica
D:3:      layout_basic, nicolae_elevator_lobby_plus

Skill      XL: |  1  2  3  4  5 |
---------------+----------------+-----
Axes           | 3 4 5 6 |  6.1
Fighting       | |  3.0
Throwing       | |  0.6
Armour         | |  1.7
Dodging        | |  1.7

Action                   |  1- 3 |  4- 6 || total
-------------------------+-------+-------++-------
Melee: Hand axe          |   114 |    19 ||   133
       Punch             |     1 |     1 ||     2
       War axe           |       |    59 ||    59
Throw: Stone             |       |     1 ||     1
Invok: Berserk           |     5 |     3 ||     8
       Trog's Hand       |       |     1 ||     1
Armor: Animal skin       |    32 |     1 ||    33
       Leather armour    |       |    23 ||    23
Dodge: Dodged            |    83 |    50 ||   133

Table legend: (Time is in decaauts)
 A = Elapsed time spent in this place.
 B = Non-inter-level travel time spent in this place.
 C = Inter-level travel time spent in this place.
 D = Time resting spent in this place.
 E = Time spent auto-exploring this place.
 F = Levels seen in this place.
 G = Mean time per level.
                   A        B        C        D        E       F      G
               +--------+--------+--------+--------+--------+-----+--------+
         Total |   3146 |   3059 |     87 |   1386 |   1234 |   3 | 1048.7 |
       Dungeon |   3146 |   3059 |     87 |   1386 |   1234 |   3 | 1048.7 |
               +--------+--------+--------+--------+--------+-----+--------+

Top non-repeatable levels by time:
     D:2: 1590 daAuts
     D:1: 975 daAuts
     D:3: 580 daAuts
